Map: Nightscape LE

Players

ZeratuL - Winner!

  • Race: Protoss Protoss
  • League: Platinum
  • Spawn Location: 7:00

SCMVP - Winner!

  • Race: Terran Terran
  • League: Diamond
  • Spawn Location: 7:00

Massa

  • Race: Terran Terran
  • League: Platinum
  • Spawn Location: 1:00

qqq

  • Race: Zerg Zerg
  • League: Platinum
  • Spawn Location: 1:00

VOD

Have the link to the VOD?

Description

Time

  • Played on: Dec. 13, 2020, 12:27 p.m.
  • Length: 8:46
Show
View Real Time Build Order
Export as new Build Order

ZeratuL Protoss - Winner!

Build Orders:  

Get SALT Encoding   

  12  0:00  Probe  
  13  0:12  Probe  
  14  0:19  Pylon  
  14  0:24  Probe  
  15  0:37  Probe (Chrono Boost)  
  15  0:41  Gateway  
  16  0:49  Probe (Chrono Boost)  
  17  0:50  Assimilator  
  17  0:53  Probe (Chrono Boost)  
  18  1:04  Probe, Assimilator  
  19  1:16  Probe  
  20  1:28  Probe  
  21  1:32  Pylon  
  21  1:34  Cybernetics Core  
  21  1:40  Probe  
  22  1:52  Probe  
  23  2:04  Gateway  
  23  2:09  Stalker (Chrono Boost)  
  23  2:12  Pylon  
  25  2:40  Nexus  
  25  2:45  Stargate  
  25  2:47  Stargate  
  25  2:54  Pylon  
  24  3:03  Stalker  
  26  3:22  Void Ray (Chrono Boost)  
  30  3:40  Void Ray (Chrono Boost)  
  29  4:15  Void Ray  
  33  4:38  Void Ray  
  33  4:40  Pylon  
  33  4:42  Assimilator  
  37  4:47  Nexus  
  37  4:54  Probe  
  37  4:55  Assimilator  
  38  5:06  Probe, Void Ray  
  43  5:18  Probe  
  44  5:31  Probe  
  45  5:43  Probe  
  46  5:52  Pylon x2  
  46  5:53  Void Ray  
  46  5:54  Pylon x2  
  46  6:02  Void Ray  
  46  6:04  Probe  
  51  6:05  Probe  
  56  6:16  Probe  
  56  6:17  Probe  
  58  6:30  Probe  
  51  6:34  Void Ray  
  51  6:40  Void Ray  
  51  6:42  Probe  
  51  6:44  Probe  
  61  6:54  Probe  
  62  6:56  Probe  
  63  7:06  Probe  
  63  7:08  Probe  
  65  7:18  Probe  
  65  7:20  Probe  
  65  7:22  Void Ray x2  
  67  7:49  Stargate  
  67  7:59  Void Ray x2  
Show
View Real Time Build Order
Export as new Build Order

SCMVP Terran - Winner!

Build Orders:  

Get SALT Encoding   

  12  0:03  SCV  
  13  0:16  SCV  
  13  0:20  Supply Depot  
  14  0:28  SCV  
  15  0:43  Barracks  
  15  0:44  Refinery  
  15  0:45  SCV  
  16  1:00  SCV  
  16  1:12  SCV  
  17  1:24  SCV  
  17  1:36  SCV  
  17  1:37  Barracks Reactor  
  18  1:44  Command Center  
  18  1:52  Orbital Command  
  18  2:01  Bunker  
  18  2:15  Marine  
  19  2:17  Marine  
  19  2:19  Supply Depot  
  20  2:33  Marine  
  20  2:35  Marine  
  22  2:51  Marine  
  23  2:53  Marine  
  23  2:54  SCV  
  25  2:58  Refinery, Orbital Command  
  25  3:10  Marine  
  25  3:11  Marine  
  26  3:16  Factory  
  26  3:25  SCV x2  
  28  3:29  Marine  
  29  3:37  SCV  
  30  3:44  Bunker  
  29  3:57  Marine x2  
  31  4:09  Factory Tech Lab  
  29  4:15  Marine x2  
  30  4:18  SCV, Supply Depot  
  30  4:20  Starport  
  30  4:22  Orbital Command  
  31  4:30  SCV  
  32  4:32  Marine  
  32  4:33  Marine  
  34  4:40  Siege Tank  
  36  4:48  SCV x2  
  36  4:50  Marine x2  
  40  5:00  Medivac  
  40  5:02  Barracks  
  42  5:08  SCV  
  42  5:13  Supply Depot  
  43  5:23  Barracks  
  43  5:36  Marine x2  
  43  5:37  Medivac, Siege Tank  
  43  5:41  SCV x2  
  52  5:44  Supply Depot  
  52  5:54  Marine  
  54  6:04  Marine  
  54  6:05  Barracks Tech Lab  
  54  6:06  SCV, Supply Depot  
  54  6:09  Siege Tank  
  53  6:28  Marine x3  
  54  6:39  Medivac  
  55  6:41  Siege Tank  
  55  6:42  SCV x2  
  55  6:44  Barracks Reactor  
  55  6:45  Marine x2  
  55  6:46  Marine  
  62  6:47  Stimpack  
  62  7:03  Marine x3  
  65  7:09  Medivac  
  65  7:14  Widow Mine  
  68  7:21  Marine x4  
  68  7:22  Marine  
  70  7:35  Supply Depot  
  70  7:56  SCV, Marine x4, Siege Tank  
  78  8:02  SCV, Medivac  
  78  8:15  Marine  
  78  8:23  Marine  
  78  8:24  Marine x2  
  78  8:27  Command Center  
Show
View Real Time Build Order
Export as new Build Order

Massa Terran 

Build Orders:  

Get SALT Encoding   

  12  0:00  SCV  
  13  0:12  SCV  
  14  0:22  Supply Depot  
  14  0:24  SCV  
  15  0:32  Refinery  
  15  0:51  SCV  
  15  0:54  Barracks  
  16  1:03  SCV  
  17  1:15  SCV, Barracks  
  18  1:27  SCV  
  19  1:35  Supply Depot  
  19  1:44  Barracks Tech Lab  
  19  1:45  Orbital Command  
  19  2:02  Barracks Tech Lab  
  19  2:04  Marauder  
  19  2:05  Concussive Shells  
  21  2:16  SCV  
  21  2:21  Marauder  
  24  2:25  Marauder  
  24  2:27  Supply Depot  
  26  2:43  Marauder  
  28  2:47  Marauder  
  30  2:58  Supply Depot  
  30  3:04  Marauder  
  32  3:08  Marauder  
  36  3:27  Marauder  
  36  3:29  Marauder  
  38  3:35  SCV  
  38  3:41  Command Center  
  41  3:48  Marauder  
  27  4:30  SCV  
  28  4:34  Barracks  
  28  4:36  Barracks  
  28  4:40  Supply Depot  
  28  4:42  SCV  
  28  4:44  Barracks  
  29  4:46  Engineering Bay  
  29  4:54  SCV  
  30  5:00  Orbital Command  
  30  5:06  SCV  
  31  5:07  Barracks  
  31  5:12  Factory  
  31  5:18  SCV  
  32  5:27  Missile Turret  
  32  5:30  SCV, Missile Turret  
  32  5:31  SCV  
  32  5:34  Marine x3  
  37  5:39  Supply Depot  
  38  5:42  SCV  
  38  5:52  Marine x3  
  38  5:53  Bunker  
  38  5:55  Marine  
  42  6:00  Widow Mine  
  44  6:06  Marine  
  44  6:10  Marine x3  
  48  6:12  Marine  
  49  6:22  Widow Mine  
  49  6:23  Marine  
  48  6:27  Marine  
  48  6:28  Marine x2  
  48  6:30  Marine  
  50  6:41  Marine  
  50  6:43  Widow Mine  
  50  6:45  Marine x3  
  56  6:48  Marine  
  56  6:50  Barracks  
  57  6:54  Command Center  
  57  7:01  Starport  
  57  7:04  Barracks Tech Lab, Marine  
  57  7:05  Marine x2  
  57  7:06  Marine  
  48  7:22  Marine x4  
  44  7:24  Marine  
  46  7:32  Factory Tech Lab  
  46  7:40  Marauder, Marine x4  
  46  7:41  Marine  
  46  7:43  SCV x2  
  55  7:55  Siege Tank  
  55  7:58  Marine x4  
  60  7:59  Marine  
  60  8:01  Marauder  
  54  8:16  Marine x4  
  54  8:17  Marine  
  57  8:23  Marauder  
Show
View Real Time Build Order
Export as new Build Order

qqq Zerg 

Build Orders: Hatch First 

Get SALT Encoding   

  12  0:00  Drone  
  13  0:10  Drone  
  14  0:18  Overlord  
  14  0:48  Hatchery  
  13  0:58  Drone x3  
  16  1:12  Drone  
  17  1:24  Spawning Pool  
  17  1:25  Extractor  
  15  1:26  Drone  
  16  1:45  Drone  
  16  1:46  Drone  
  18  1:53  Drone  
  19  2:08  Drone  
  20  2:11  Queen x2  
  20  2:13  Drone  
  20  2:15  Overlord  
  25  2:17  Drone  
  26  2:26  Extractor  
  26  2:30  Zergling x2  
  26  2:33  Drone x2  
  29  2:39  Metabolic Boost  
  29  2:40  Zergling x2  
  29  2:43  Zergling x2  
  31  2:47  Overlord  
  31  2:56  Zergling x2  
  31  2:57  Zergling x2  
  33  3:10  Zergling x2  
  33  3:12  Zergling x2  
  35  3:21  Zergling x2  
  36  3:28  Zergling x2  
  36  3:29  Zergling x6  
  36  3:30  Overlord  
  40  3:37  Zergling x2  
  41  3:46  Zergling x2  
  41  3:47  Drone  
  43  3:54  Zergling x2  
  44  3:57  Hatchery  
  44  4:02  Zergling x6  
  42  4:07  Lair  
  39  4:16  Zergling x2  
  40  4:17  Zergling x6  
  40  4:21  Spore Crawler  
  40  4:22  Queen  
  40  4:23  Drone  
  45  4:29  Drone  
  39  4:48  Overlord  
  39  4:49  Drone  
  39  4:51  Extractor  
  39  4:54  Drone  
  39  4:55  Drone x3  
  43  5:00  Queen  
  45  5:07  Drone  
  45  5:09  Drone  
  47  5:15  Queen  
  47  5:16  Spire  
  47  5:20  Drone x3  
  52  5:21  Drone  
  52  5:39  Zergling x6  
  52  5:40  Zergling x2  
  52  5:41  Zergling x4  
  56  5:49  Overlord  
  56  5:54  Spine Crawler  
  55  6:02  Overlord x3  
  54  6:07  Queen  
  54  6:09  Drone  
  44  6:39  Drone x3  
  45  6:40  Mutalisk x4  
  45  6:44  Extractor  
  45  6:45  Extractor  
  51  6:51  Drone  
  51  6:52  Mutalisk  
  54  7:12  Mutalisk  
  51  7:39  Mutalisk x2  
  53  7:52  Mutalisk  
Tags
 
Add a new tag
Caveats
  • Supply blocks, unpowered buildings, or Contaminate may cause inaccurate times.
  • Supply counts are checked every 10 seconds.